 Dungeon Crawl Stone Soup version 0.27.0-1-g7a089689b8 (webtiles) character file.

Game seed: 15141401832920862390

161 Brandom the Chopper (level 5, -3/47 HPs)
             Began as a Hill Orc Abyssal Knight on Aug 11, 2021.
             Was a Believer of Lugonu.
             Slain by an iguana (6 damage)
             ... on level 4 of the Dungeon.
             The game lasted 00:03:57 (3260 turns).

Brandom the Chopper (Hill Orc Abyssal Knight)       Turns: 3260, Time: 00:03:58

Health: -3/47      AC: 11    Str: 16    XL:     5   Next: 42%
Magic:  7/7        EV:  7    Int: 12    God:    Lugonu [**....]
Gold:   93         SH:  0    Dex: 10    Spells: 4/4 levels left

rFire    . . .     SeeInvis .   a - +1 hand axe
rCold    . . .     Faith    .   (no shield)
rNeg     . . .     Spirit   .   g - +0 chain mail
rPois    .         Reflect  .   d - +1 helmet
rElec    .         Harm     .   (no cloak)
rCorr    .         Rampage  .   (no gloves)
Will     .....                  (no boots)
Stlth    ..........             (no amulet)
HPRegen  0.15/turn              (no ring)
MPRegen  0.10/turn              (no ring)

@: no status effects
A: no striking features
a: Renounce Religion, Depart the Abyss, Bend Space


You were on level 4 of the Dungeon.
You worshipped Lugonu.
Lugonu was pleased with you.
You visited 1 branch of the dungeon, and saw 4 of its levels.
You visited the Abyss 1 time.

You collected 93 gold pieces.

Inventory:

Hand Weapons
 a - a +1 hand axe (weapon)
Missiles
 c - 2 atropa-tipped darts
 e - 8 curare-tipped darts (quivered) {!f}
 r - a throwing net {!f}
Armour
 b - a +0 leather armour
 d - a +1 helmet (worn)
   (You found it on level 1 of the Dungeon)
 g - a +0 chain mail (worn)
   (You found it on level 1 of the Dungeon)
Wands
 t - a wand of flame (12)
   (You took it off Jessica on level 2 of the Dungeon)
Scrolls
 f - a scroll of immolation {unknown}
 j - a scroll of amnesia {unknown}
 k - a scroll of summoning
 m - 2 scrolls of teleportation {unknown}
 n - a scroll of fear
 q - a scroll of enchant armour {unknown}
Potions
 h - a potion of curing {unknown}
 i - 2 potions of flight {unknown}
 l - a potion of lignification {unknown}
 o - 2 potions of invisibility {unknown}
 p - a potion of ambrosia {unknown}


   Skills:
 + Level 4.5 Fighting
 * Level 4.6 Axes
 + Level 3.0 Armour
 + Level 1.7 Dodging
 + Level 3.5 Invocations


You had 4 spell levels left.
You didn't know any spells.
Your spell library contained the following spells:

 Spells                   Type           Power      Damage    Failure   Level
 Animate Skeleton         Necr           0%         N/A       99%         1
 Pain                     Necr           0%         1d4       99%         1
 Vampiric Draining        Necr           0%         2d6       100%        3


Dungeon Overview and Level Annotations

Branches:
Dungeon (4/15)
 Temple: D:4-7

Altars:
Fedhas

Shops:
D:1 !


Message History

A kobold is nearby!
A kobold is nearby!
An iguana comes into view.
The iguana hisses angrily.
The kobold throws a stone.
The stone closely misses you.
The iguana moves out of view.
The kobold hits you but does no damage.
You hit the kobold.
You kill the kobold!
Lugonu accepts your kill.
Things that are here:
a +0 dagger; 2 stones You hit the iguana but do no damage.
The iguana bites you!
You hit the iguana.
The iguana bites you but does no damage.
You closely miss the iguana.
The iguana hisses menacingly.
The iguana bites you!
You hit the iguana but do no damage. The iguana barely misses you.
Your chain mail prevents you from hitting the iguana.
The iguana bites you but does no damage.
You hit the iguana. The iguana barely misses you.
You hit the iguana. The iguana barely misses you.
You hit the iguana but do no damage.
An adder comes into view.
The iguana misses you.
The adder moves out of view.
You hit the iguana but do no damage.
The iguana bites you but does no damage.
You hit the iguana but do no damage. The iguana bites you!
* * * LOW HITPOINT WARNING * * *
You hit the iguana but do no damage.
The iguana hisses menacingly.
The iguana bites you!
* * * LOW HITPOINT WARNING * * *
You closely miss the iguana.
The iguana bites you but does no damage.
Unknown command.
You hit the iguana but do no damage.
The iguana bites you but does no damage.
Unknown command.
Your chain mail prevents you from hitting the iguana.
The iguana barely misses you.
You closely miss the iguana.
The iguana bites you but does no damage.
You hit the iguana. The iguana barely misses you. The iguana bites you!
* * * LOW HITPOINT WARNING * * *
As you read the scroll of summoning, it crumbles to dust.
Wisps of shadow whirl around you... The adder barely misses your kobold.
The iguana bites you.
You die...

..#.......#.. .
..#.......#.. ..
....._..... .. ...
#.......# .. ....
#.......#.. . .....
..... .#.#
.....Z####S####.#.#
......l@.K........#.
..#....gw..#........
#.######.#>....... #
#. #.........#.
...##.........#
................
#####......#####
####...........
#...........###


You could see an iguana (ally target), an adder (ally target), a friendly worm
(summoned), a friendly goblin (summoned), a friendly kobold (summoned) and a
friendly jackal skeleton (summoned).

Vanquished Creatures
  Jessica (D:2)
  An iguana (D:2)
  4 adders
  3 worms
  3 dart slugs
  2 bats (D:1)
  8 endoplasms
  2 giant cockroaches (D:3)
  5 goblins
  6 hobgoblins
  6 jackals
  2 quokkas (D:2)
  5 ball pythons
  A frilled lizard (D:1)
  3 kobolds
  6 rats
58 creatures vanquished.

Notes
Turn   | Place    | Note
-------+----------+-------------------------------------------
     0 | Abyss:1  | Brandom the Hill Orc Abyssal Knight began the quest for the
                  | Orb.
     0 | Abyss:1  | Reached XP level 1. HP: 19/19 MP: 2/2
    35 | Abyss:1  | Noticed a neqoxec
    35 | Abyss:1  | Noticed a rust devil
    36 | D:1      | Escaped the Abyss
   160 | D:1      | Found Tida's Distillery.
   286 | D:1      | Reached * piety under Lugonu
   288 | D:1      | Reached XP level 2. HP: 25/27 MP: 3/3
   366 | D:1      | Reached skill level 1 in Dodging
   534 | D:1      | Found a faded altar of an unknown god.
   861 | D:2      | Reached XP level 3. HP: 32/33 MP: 5/5
   876 | D:2      | Reached XP level 4. HP: 15/40 MP: 6/6
  1399 | D:2      | Noticed Jessica
  1405 | D:2      | Killed Jessica
  2054 | D:3      | Reached ** piety under Lugonu
  2194 | D:3      | Reached XP level 5. HP: 44/47 MP: 7/7
  3238 | D:4      | Found a blossoming altar of Fedhas.
  3260 | D:4      | Slain by an iguana

Illustrated notes

Levels and vault maps discovered:
D:1:      erik_arrival_triangle_small, layout_rooms, serial_shops, shop,
          chequers_ecumenical_altar_lobes
D:2:      layout_basic, uniq_jessica
D:3:      layout_basic, kennysheep_generic_room_15
D:4:      layout_basic, old_standard_altar, dk_noncrumbling_4

Skill      XL: |  1  2  3  4  5 |
---------------+----------------+-----
Axes           | 3 4 |  4.6
Dodging        | 1 |  1.7
Fighting       | 4 |  4.5
Invocations    | 3 |  3.5
Armour         | 3 |  3.0

Action                   |  1- 3 |  4- 6 || total
-------------------------+-------+-------++-------
Melee: Hand axe          |    59 |   129 ||   188
Throw: Dart              |       |     2 ||     2
Invok: Depart the Abyss  |     1 |       ||     1
  Use: Scroll            |       |     3 ||     3
Armor: Leather armour    |     8 |       ||     8
       Chain mail        |    37 |    60 ||    97
Dodge: Dodged            |    27 |    37 ||    64
